 Dungeon Crawl Stone Soup version 0.31-a0-196-g86fe4a5e66 (webtiles) character file.

Game seed: 2558099092843019720

10287 Maxmaps the Carver (level 11, -9/96 HPs)
             Began as a Demonspawn Reaver on June 24, 2023.
             Was an Initiate of Gozag.
             Shot with an arrow by a centaur warrior (21 damage)
             ... on level 11 of the Dungeon.
             The game lasted 00:14:45 (13151 turns).

Maxmaps the Carver (Demonspawn Reaver)             Turns: 13151, Time: 00:14:46

Health: -9/96      AC:  4    Str:  9    XL:     11   Next: 34%
Magic:  0/14       EV:  9    Int: 29    God:    Gozag
Gold:   251        SH:  4    Dex: 12    Spells: 13/14 levels left

rFire   + + +        d - +5 scimitar of Recklessness {drain, Int+6}
rCold   + . .        N - +0 buckler {rC+}
rNeg    + . .        L - +0 fire dragon scales of Ethereal Joy {rF++ rC- Int+4 Dex+5}
rPois   .            (no helmet)
rElec   +            l - scarf {rC+ rF+}
rCorr   .            (no gloves)
SInv    .            (no boots)
Will    ++...        (no amulet)
Stlth   ++           g - ring of positive energy
HPRegen 0.36/turn    s - ring "Xius" {rElec rF+ Will++ Str-4 Dex-4 Stlth+}
MPRegen 0.28/turn

%: clarity, guardian spirit
@: corroded, studying Fighting
A: foul stench 2, magic shield, magic regeneration, magic link, sturdy frame 2,
demonic touch 1, clarity, mutation resistance 1
a: Renounce Religion, Potion Petition, Call Merchant, Bribe Branch


You were on level 11 of the Dungeon.
You worshipped Gozag.
Gozag was aware of your devotion.
You visited 2 branches of the dungeon, and saw 12 of its levels.
You also visited: Sewer.

You collected 2047 gold pieces.
You spent 1737 gold pieces at shops.
You paid 59 gold pieces to Gozag.

Inventory:

Hand Weapons
 a - a +1 falchion
 d - the +5 scimitar of Recklessness (weapon) {drain, Int+6}
   (You acquired it on level 5 of the Dungeon)

   Int:       It affects your intelligence (+6).
 x - a +3 scimitar of flaming
Missiles
 v - a throwing net
Armour
 l - a scarf of resistance (worn)
 L - the +0 fire dragon scales of Ethereal Joy (worn) {rF++ rC- Int+4 Dex+5}
   (You bought it in a shop on level 3 of the Dungeon)

   Int:       It affects your intelligence (+4).
   Dex:       It affects your dexterity (+5).
   rF:        It greatly protects you from fire.
   rC:        It makes you vulnerable to cold.
 N - a +0 buckler of cold resistance (worn)
Jewellery
 g - a ring of positive energy (left hand)
 i - a ring of wizardry
 s - the ring "Xius" (right hand) {rElec rF+ Will++ Str-4 Dex-4 Stlth+}
   (You acquired it on level 7 of the Dungeon)

   [ring of protection from fire]

   Str:       It affects your strength (-4).
   Dex:       It affects your dexterity (-4).
   rF:        It protects you from fire.
   rElec:     It insulates you from electricity.
   Will:      It greatly increases your willpower.
   Stlth:     It makes you more stealthy.
 A - a ring of see invisible
 J - a ring of resist corrosion
Wands
 w - a wand of quicksilver (8)
 z - a wand of flame (22)
 D - a wand of iceblast (7)
 H - a wand of digging (3)
Scrolls
 f - 4 scrolls of amnesia
 m - 2 scrolls of blinking
 p - 2 scrolls of teleportation
 q - a scroll of summoning
 t - a scroll of silence
 u - 5 scrolls of fear
 y - 2 scrolls of revelation
 B - a scroll of enchant weapon
 G - a scroll of fog
 K - a scroll of identify
Potions
 c - a potion of haste
 h - 3 potions of mutation
 j - 3 potions of brilliance
 k - a potion of lignification
 n - 5 potions of attraction
 o - a potion of heal wounds
 r - a potion of cancellation
 I - a potion of magic {unknown}
Miscellaneous
 C - a phial of floods
 E - a sack of spiders


   Skills:
 - Level 12.3 Fighting
 - Level 14.1 Long Blades
 - Level 1.7 Dodging
 + Level 3.4 Shields
 - Level 2.0 Spellcasting
 - Level 3.0 Conjurations


You had 13 spell levels left.
You knew the following spells:

 Your Spells              Type           Power      Damage    Failure   Level
a - Kiss of Death         Conj/Necr      44%        2d8       19%         1

Your spell library contained the following spells:

 Spells                   Type           Power      Damage    Failure   Level
 Shock                    Conj/Air       44%        1d5       19%         1
 Momentum Strike          Conj/Tloc      22%        3d8       28%         2
 Apportation              Tloc           4%         N/A       34%         1
 Sting                    Tmut/Pois      8%         1d3       34%         1
 Poisonous Vapours        Pois/Air       4%         N/A       47%         2
 Hailstorm                Conj/Ice       11%        3d5       50%         3
 Swiftness                Air            2%         N/A       71%         3
 Tukima's Dance           Hex            2%         N/A       71%         3
 Airstrike                Air            1%         2d(1-17)  98%         4
 Ice Form                 Ice/Tmut       2%         N/A       98%         4
 Olgreb's Toxic Radiance  Pois           2%         N/A       98%         4
 Passage of Golubria      Tloc           2%         N/A       98%         4
 Alistair's Intoxication  Tmut/Pois      1%         N/A       100%        5
 Yara's Violent Unravell  Hex/Tmut       1%         3d3       100%        5
 Simulacrum               Ice/Necr       Unusable   N/A       N/A         6

Dungeon Overview and Level Annotations

Branches:
Dungeon (11/15)            Temple (1/1) D:4           Sewer (visited)
   Lair: D:8-11         Orc: D:9-12

Altars:
Ashenzari
Cheibriados
Dithmenos
Fedhas
Gozag
Hepliaklqana
Kikubaaqudgha
Makhleb
Nemelex Xobeh
Okawaru
Qazlal
Ru
Sif Muna
Trog
Uskayaw
Vehumet
Wu Jian
Xom
Yredelemnul

Shops:
D:3 [*

Annotations:
D:2 1 runed translucent door, Crazy Yiuf
D:5 3 runed translucent doors, ragingrage's ghost, novice NaMo


Innate Abilities, Weirdness & Mutations

You sometimes emit foul miasma when damaged in melee.
When hurt, damage is shared between your health and your magic reserves.
You regenerate magic rapidly.
When low on magic, you restore magic in place of health.
Your movements are less encumbered by armour. (ER -4)
Your touch may inflict minor irresistible damage on your foes.
You possess an exceptional clarity of mind.
You are somewhat resistant to further mutation.


Message History

Your +3 scimitar of flaming stops flaming.
You feel clever.
You sense an unholy aura.
d - the +5 scimitar of Recklessness (weapon)
{drain, Int+6}
There is a stone staircase leading up, spattered with blood here.
You start resting.
Magic restored.
You start resting.
HP restored.
A centaur warrior comes into view.
The centaur warrior shouts!
The centaur warrior wields a +0 shortbow.
The centaur warrior shoots an arrow.
The arrow hits you!
The centaur warrior shoots an arrow.
The arrow hits you!!
An acid dragon comes into view.
The centaur warrior shoots an arrow.
The arrow hits you!
There are monsters nearby!
You are too injured to fight recklessly!
There are monsters nearby!
You are too injured to fight recklessly!
Unknown command.
The centaur warrior shouts!
The centaur warrior shoots an arrow.
The arrow barely misses you.
The centaur warrior unwields a +2 spear of venom.
It stops dripping with poison.
The centaur warrior wields a +2 heavy shortbow.
The centaur warrior shoots an arrow.
The arrow completely misses you.
The centaur warrior shoots an arrow.
The arrow hits you!!
* * * LOW HITPOINT WARNING * * *
The acid dragon spits acid at you. The splash of acid hits you!
* * * LOW HITPOINT WARNING * * *
The acid corrodes you!
You hear a shout!
You feel much better.
The centaur warrior shoots an arrow.
You block the arrow.
The centaur warrior shoots an arrow.
The arrow hits you!!
* * * LOW HITPOINT WARNING * * *
The centaur warrior shoots an arrow.
The arrow hits you!!
You die...
Your body crumbles into a pile of gold.

##### ### #...#
#<# #...#####
#.# #.......#
#.# #...###.#
#.####...# #.#
#).......###.#
#.####...##.@# .
#.#
#...##.#######c.
### #...##.#
....QHD
######'##....c
#...c.#...
#.....#'######
#...D.c.......
#.c....#######
#......#


You could see 2 centaur warriors and an acid dragon (catching breath).

Vanquished Creatures
  A centaur warrior (D:11)
  A hydra (D:11)
  Erica (D:8)
  A two-headed ogre (D:8)
  A tengu warrior (D:10)
  Maurice (D:9)
  Joseph (D:7)
  An unseen horror (D:10)
  3 kobold demonologists (D:10)
  A tengu conjurer (D:8)
  A troll (D:10)
  A shadow (D:10)
  A yak (D:5)
  A wyvern (D:7)
  A wraith (D:9)
  Menkaure (D:7)
  A vampire mosquito (D:8)
  An acid dragon (D:9)
  2 water moccasins
  A sky beast (D:6)
  4 orc warriors
  Duvessa (D:5)
  3 ogres
  4 centaurs
  A phantom (D:5)
  4 kobold brigands
  A gnoll sergeant (D:9)
  9 bullfrogs
  2 scorpions
  4 wights
  Dowan (D:5)
  7 howler monkeys
  2 jellies
  3 hounds
  6 orc priests
  An iguana (D:5)
  2 sleepcaps
  Natasha (thrice) (D:4)
  11 orc wizards
  6 gnolls
  3 river rats
  7 adders
  A shadow imp (D:5)
  A white imp (D:8)
  3 ufetubi
  2 worms
  2 dart slugs (D:1)
  26 orcs
  9 endoplasms
  6 giant cockroaches
  18 goblins
  6 hobgoblins
  3 quokkas
  17 ball pythons
  4 bats
  9 frilled lizards
  25 kobolds
  34 rats
  A spectral orc (D:4)
275 creatures vanquished.

Vanquished Creatures (collateral kills)
  A gargoyle (D:8)
1 creature vanquished.

Vanquished Creatures (others)
  A kobold (D:7)
1 creature vanquished.

Grand Total: 277 creatures vanquished

Notes
Turn   | Place    | Note
-------+----------+-------------------------------------------
     0 | D:1      | Maxmaps the Demonspawn Reaver began the quest for the Orb.
     0 | D:1      | Reached XP level 1. HP: 16/16 MP: 3/3
    80 | D:1      | Reached skill level 3 in Long Blades
   248 | D:1      | Gained mutation: Your touch may inflict minor irresistible
                  | damage on your foes. [demonic ancestry]
   248 | D:1      | Reached XP level 2. HP: 22/22 MP: 5/5
   289 | D:1      | Found a faded altar of an unknown god.
   698 | D:1      | Gained mutation: Your movements are slightly less
                  | encumbered by armour. (ER -2) [demonic ancestry]
   698 | D:1      | Reached XP level 3. HP: 21/27 MP: 6/6
  1149 | D:2      | Reached skill level 4 in Long Blades
  1590 | D:2      | Found a runed translucent door.
  1591 | D:2      | Noticed Crazy Yiuf
  2287 | D:3      | Gained mutation: Your movements are less encumbered by
                  | armour. (ER -4) [demonic ancestry]
  2287 | D:3      | Reached XP level 4. HP: 33/33 MP: 7/7
  2582 | D:3      | Found Will's General Store.
  2791 | D:3      | Found Wasycol's Antique Armour Boutique.
  2812 | D:4      | Noticed Natasha
  2815 | D:4      | Killed Natasha
  2824 | D:4      | Found a staircase to the Ecumenical Temple.
  2840 | Temple   | Entered the Ecumenical Temple
  3034 | Temple   | Became a worshipper of Gozag Ym Sagoz the Greedy
  3071 | D:4      | Noticed Natasha
  3074 | D:4      | Reached skill level 5 in Long Blades
  3084 | D:4      | Killed Natasha
  3085 | D:4      | Gained mutation: You regenerate magic rapidly. [demonic
                  | ancestry]
  3085 | D:4      | Reached XP level 5. HP: 11/38 MP: 8/8
  3317 | D:4      | Noticed Natasha
  3323 | D:4      | Killed Natasha
  3392 | D:4      | Found a basalt altar of Yredelemnul.
  3418 | D:4      | Found a radiant altar of Vehumet.
  3663 | D:4      | Found a shadowy altar of Dithmenos.
  3778 | D:5      | Entered Level 5 of the Dungeon
  3784 | D:5      | Reached skill level 6 in Long Blades
  3784 | D:5      | Gained mutation: When hurt, damage is shared between your
                  | health and your magic reserves. [demonic ancestry]
  3784 | D:5      | Reached XP level 6. HP: 38/44 MP: 9/9
  3800 | D:5      | Identified a scroll of acquirement
  3800 | D:5      | Acquired the +5 scimitar of Recklessness {drain, Int+6}
  3898 | D:5      | Noticed Duvessa
  3898 | D:5      | Noticed Dowan
  3912 | D:5      | Killed Duvessa
  3918 | D:5      | Killed Dowan
  4042 | D:5      | Reached skill level 7 in Long Blades
  4120 | D:5      | Noticed a yak
  4125 | D:5      | Gained mutation: You may rarely emit foul miasma when
                  | damaged in melee. [demonic ancestry]
  4125 | D:5      | Reached XP level 7. HP: 42/50 MP: 8/10
  4136 | D:5      | Killed a yak
  4137 | D:5      | Reached skill level 8 in Long Blades
  4348 | D:5      | Noticed ragingrage's ghost (novice NaMo)
  4392 | D:5      | Found a glowing drain.
  4397 | D:5      | Reached skill level 9 in Long Blades
  4397 | D:5      | Reached XP level 8. HP: 56/56 MP: 11/11
  4414 | Sewer    | Entered a sewer
  4974 | D:5      | Found a shimmering blue altar of Sif Muna.
  5081 | D:5      | Found a runed translucent gate.
  5082 | D:5      | Found a runed translucent gate.
  5086 | D:5      | Found a runed translucent gate.
  5086 | D:5      | Found an opulent altar of Gozag.
  5363 | D:6      | Reached skill level 10 in Long Blades
  5658 | D:6      | Found a burning altar of Makhleb.
  5852 | D:6      | Reached skill level 11 in Long Blades
  5967 | D:6      | Reached XP level 9. HP: 61/61 MP: 12/12
  6033 | D:6      | Found a bloodstained altar of Trog.
  6289 | D:7      | Noticed Menkaure
  6504 | D:7      | Killed Menkaure
  6600 | D:7      | Reached skill level 12 in Long Blades
  6676 | D:7      | Acquired the ring "Xius" {rElec rF+ Will++ Str-4 Dex-4
                  | Stlth+}
  7215 | D:7      | Noticed Joseph
  7234 | D:7      | Killed Joseph
  7493 | D:7      | Reached skill level 13 in Long Blades
  7556 | D:7      | Found a stormy altar of Qazlal.
  8262 | D:8      | Noticed a two-headed ogre
  8270 | D:8      | Killed a two-headed ogre
  8271 | D:8      | Gained mutation: When low on magic, you restore magic in
                  | place of health. [demonic ancestry]
  8271 | D:8      | Reached XP level 10. HP: 39/67 MP: 7/13
  8621 | D:8      | Noticed Erica
  8636 | D:8      | Gained mutation: You possess an exceptional clarity of
                  | mind. [potion of mutation]
  8636 | D:8      | Gained mutation: You are somewhat resistant to further
                  | mutation. [potion of mutation]
  8642 | D:8      | Killed Erica
  8922 | D:8      | Reached skill level 14 in Long Blades
  8983 | D:8      | Noticed a gargoyle
  9199 | D:8      | Killed a gargoyle
  9679 | D:8      | Reached skill level 5 in Fighting
 10478 | D:9      | Noticed Maurice
 10485 | D:9      | Killed Maurice
 10865 | D:10     | Entered Level 10 of the Dungeon
 10901 | D:10     | Found a broken altar of Ashenzari.
 10921 | D:10     | Reached skill level 10 in Fighting
 10929 | D:10     | Noticed a rust devil
 11069 | D:10     | Noticed a soul eater
 11127 | D:10     | Noticed a smoke demon
 11128 | D:10     | Noticed a sun demon
 11260 | D:10     | Gained mutation: You sometimes emit foul miasma when
                  | damaged in melee. [demonic ancestry]
 11260 | D:10     | Reached XP level 11. HP: 92/92 MP: 14/14
 12415 | D:3      | Bought turquoise-encrusted fire dragon scales for 1625 gold
                  | pieces
 12415 | D:3      | Identified the +0 fire dragon scales of Ethereal Joy {rF++
                  | rC- Int+4 Dex+5} (You bought it in a shop on level 3 of the
                  | Dungeon)
 12415 | D:3      | Bought a buckler for 112 gold pieces
 12583 | D:11     | Noticed a tengu warrior
 12583 | D:11     | Noticed a centaur warrior
 12583 | D:11     | Noticed a six-headed hydra
 12583 | D:11     | Noticed a centaur warrior
 12838 | D:10     | Killed a tengu warrior
 12876 | D:11     | Killed a centaur warrior
 12963 | D:11     | Killed a one-headed hydra
 13147 | D:11     | Noticed a centaur warrior
 13151 | D:11     | Shot with an arrow by a centaur warrior

Illustrated notes

Levels and vault maps discovered:
D:1:      elethiomel_arrival_infinity_welcomes_careful_drivers, layout_basic,
          dreamdust_ecumenical_altar_statues
D:2:      layout_basic, kennysheep_generic_room_7, uniq_crazy_yiuf_cottage
D:3:      layout_basic, serial_shops, nicolae_shop_back_alley_shop, shop
D:4:      layout_rooms, yredelemnul_forgotten_temple_becter,
          overflow_temple_1_default, old_standard_altar, temple_fountains,
          kennysheep_generic_room_13, uniq_natasha
D:5:      layout_basic, mainiacjoe_overflow_alcove_2, ebering_ghost_gozag,
          portal_sewer_entry_b, minmay_manual_mail, uniq_duvessa
D:6:      layout_loops_ring, trog_hazing_becter,
          gammafunk_temple_overflow_statue, minmay_ogre_servants
D:7:      layout_layer_cave, kennysheep_mini_moat, uniq_joseph, uniq_menkaure
D:8:      layout_basic, minmay_diamond_spiral, uniq_erica
D:9:      layout_roguey, uniq_maurice
D:10:     layout_basic, mainiacjoe_overflow_catwalk, elyvilon_altar_5,
          patterned_corridor
D:11:     minmay_shrinking_squares, layout_basic, dpeg_lair_monsters,
          orc_0_dummy, uniq_grum
Temple:   minmay_temple_bridge_abc

Skill      XL: |  1  2  3  4  5  6  7  8  9 10 11 |
---------------+----------------------------------+-----
Long Blades    | 3 4 5 6 7 9 11 13 14 | 14.1
Fighting       | 10 12 | 12.3
Shields        | 3 |  3.4
Dodging        | |  1.7
Spellcasting   | |  2.0
Conjurations   | |  3.0

Action                     |  1- 3 |  4- 6 |  7- 9 | 10-12 || total
---------------------------+-------+-------+-------+-------++-------
  Melee: Falchion          |   129 |    67 |       |       ||   196
         Touch             |    18 |    19 |    28 |    29 ||    94
         Punch             |       |     1 |     1 |     1 ||     3
         Scimitar          |       |    23 |   302 |   186 ||   511
    Use: Scroll            |       |    12 |     5 |     3 ||    20
         Potion            |       |       |       |     5 ||     5
   Stab: Distracted        |       |       |     2 |     1 ||     3
 Armour: Leather armour    |    17 |       |       |       ||    17
         Chain mail        |    24 |    45 |   154 |    15 ||   238
         Plate armour      |       |       |       |    77 ||    77
         Skin              |       |       |       |     2 ||     2
         Fire dragon scale |       |       |       |    13 ||    13
  Dodge: Dodged            |    57 |    48 |   159 |    49 ||   313
  Block: Buckler           |       |       |       |     5 ||     5

Table legend: (Time is in decaauts)
 A = Elapsed time spent in this place.
 B = Non-inter-level travel time spent in this place.
 C = Inter-level travel time spent in this place.
 D = Time resting spent in this place.
 E = Time spent auto-exploring this place.
 F = Levels seen in this place.
 G = Mean time per level.
                   A        B        C        D        E       F      G
               +--------+--------+--------+--------+--------+-----+--------+
         Total |  13155 |  12091 |   1064 |   1362 |   8995 |  13 | 1011.9 |
       Dungeon |  12532 |  11502 |   1030 |   1362 |   8569 |  11 | 1139.3 |
        Temple |    215 |    181 |     34 |      0 |    174 |   1 |  215.0 |
         Sewer |    406 |    406 |      0 |      0 |    251 |   1 |  406.0 |
               +--------+--------+--------+--------+--------+-----+--------+

Top non-repeatable levels by time:
     D:7: 1689 daAuts
     D:8: 1629 daAuts
    D:10: 1427 daAuts
     D:5: 1297 daAuts
     D:9: 1242 daAuts
     D:1: 1155 daAuts
     D:6: 1152 daAuts
     D:2: 924 daAuts
     D:4: 837 daAuts
     D:3: 835 daAuts
   Sewer: 406 daAuts
    D:11: 342 daAuts
  Temple: 215 daAuts
